AoeStats
← Juanfreelance

Lombardia

508117524Analyzed
2v2 RM · 11d ago on Sep 21, 2026· 32m 15s· 4 players
Game mode
Random Map
Map size
Medium (4 player)
Population
200
Speed
Normal
Resources
Standard
Victory
Conquest
Starting age
Dark Age
Ending age
Imperial Age
RankedLock teamsTeams togetherTeam positionsShared explorationLock speedFull tech treeHidden civsTurbo modeCheats
Victory
Defeat
🇦🇷 Lithuanians · Argentina
1370
+13
🇦🇷 Ethiopians · Argentina
1296
+15
🇦🇷 Spanish · Argentina
1325
-15
🇵🇦 Persians · Panama
1260
-13
ojoalcasla
11:19 Feudal Age
15:10 Castle Age
14:55 Fletching
15:29 Double-Bit Axe
15:12 Crossbowman
21:50 Bodkin Arrow
21:53 Gold Mining
23:36 Ballistics
23:53 Wheelbarrow
24:15 Padded Archer Armor
26:30 Thumb Ring
27:11 Bow Saw
32:09 Gold Shaft Mining
32:59 Hand Cart
32:30 Town Watch
ojoalcojo
9:21 Feudal Age
10:00 Double-Bit Axe
10:27 Horse Collar
11:17 Loom
22:12 Castle Age
21:10 Forging
21:45 Scale Barding Armor
21:51 Bloodlines
22:50 Wheelbarrow
22:24 Gold Mining
24:52 Town Watch
26:34 Chain Barding Armor
29:57 Husbandry
Lanzarote
0:26 Loom
11:35 Feudal Age
16:40 Castle Age
16:11 Double-Bit Axe
16:10 Horse Collar
Juanfreelance
7:56 Loom
10:07 Feudal Age
14:53 Castle Age
22:22 Double-Bit Axe
23:26 Horse Collar
Connection lost

Rejoining the realm…

Still unreachable

The connection could not be restored.

Session expired

The server has moved on; the page needs a fresh start.